 Dungeon Crawl Stone Soup version 0.28-a0-1236-gb25a51b929 (webtiles) character file.

Game seed: 16110139478922426372

60 Gildeon the Chopper (level 3, 0/31 HPs)
             Began as a Minotaur Fighter on Dec 25, 2021.
             Slain by Crazy Yiuf (3 damage)
             ... on level 2 of the Dungeon.
             The game lasted 00:03:36 (1192 turns).

Gildeon the Chopper (Minotaur Fighter)              Turns: 1192, Time: 00:03:36

Health: 0/31       AC: 11    Str: 22    XL:     3   Next: 80%
Magic:  2/2        EV:  7    Int:  5    God:
Gold:   46         SH:  5    Dex: 15    Spells: 1/2 levels left

rFire   . . .      SeeInvis .   a - +0 war axe
rCold   . . .      Faith    .   c - +0 buckler
rNeg    . . .      Spirit   .   p - +0 chain mail
rPois   .          Reflect  .   (helmet restricted)
rElec   .          Harm     .   e - +0 cloak
rCorr   .          Rampage  .   g - +0 pair of gloves
Will    .....                   (no boots)
Stlth   ..........              (no amulet)
HPRegen 0.10/turn               (no ring)
MPRegen 0.08/turn               k - +6 ring of dexterity

@: slowed, very slow
A: horns 2, retaliatory headbutt
a: no special abilities


You were on level 2 of the Dungeon.
You visited 1 branch of the dungeon, and saw 3 of its levels.

You collected 46 gold pieces.

Inventory:

Hand Weapons
 a - a +0 war axe (weapon)
Armour
 c - a +0 buckler (worn)
 e - a +0 cloak (worn)
 g - a +0 pair of gloves (worn)
 p - a +0 chain mail (worn)
Jewellery
 j - a ring of ice
 k - a +6 ring of dexterity (right hand)
Wands
 o - a wand of flame (8)
Scrolls
 h - a scroll of vulnerability {unknown}
 i - a scroll of identify {unknown}
 l - a scroll of amnesia {unknown}
 m - a scroll of blinking {unknown}
Potions
 d - a potion of might
 f - 2 potions of mutation {unknown}
 n - a potion of flight {unknown}


   Skills:
 - Level 3.6 Fighting
 + Level 5.1 Axes
 - Level 3.6 Armour
 - Level 3.6 Shields


You had one spell level left.
You knew the following spells:

 Your Spells              Type           Power      Damage    Failure   Level
a - Sting                 Tmut/Pois      0%         1d3       99%         1

Your spell library contained the following spells:

 Spells                   Type           Power      Damage    Failure   Level
 Poisonous Vapours        Pois/Air       0%         N/A       100%        2
 Inner Flame              Hex/Fire       0%         N/A       100%        3
 Cause Fear               Hex            0%         N/A       100%        4
 Olgreb's Toxic Radiance  Pois           0%         N/A       100%        4
 Discord                  Hex            0%         N/A       100%        8


Dungeon Overview and Level Annotations

Branches:
Dungeon (3/15)

Altars:

Annotations:
D:2 Crazy Yiuf


Innate Abilities, Weirdness & Mutations

You have a pair of horns on your head.
You reflexively headbutt those who attack you in melee.


Message History

You slash the rat!
You kill the rat!
Found 11 gold pieces.
You see here a rat corpse.
You now have 32 gold pieces (gained 11).
A hobgoblin comes into view.
The hobgoblin shouts!
A hobgoblin is nearby!
You hit the hobgoblin.
You kill the hobgoblin!
You see here a hobgoblin corpse.
Found a stone staircase leading up.
There is a stone staircase leading up here.
You now have 46 gold pieces (gained 14).
Found a stone staircase leading up.
There is a stone staircase leading up here.
You climb upwards.
There is a stone staircase leading down here.
A giant cockroach comes into view.
You hit the giant cockroach.
The giant cockroach is almost dead.
The giant cockroach bites you but does no damage.
You closely miss the giant cockroach. You headbutt the giant cockroach.
You kill the giant cockroach!
You see here a giant cockroach corpse.
Found a mace.
Found a runed translucent door.
Crazy Yiuf yells, "East pontify head!"
As you open the door, it creaks loudly!
You closely miss Crazy Yiuf.
You headbutt Crazy Yiuf, but do no damage.
Crazy Yiuf hits you with a +4 quarterstaff of chaos!
You closely miss Crazy Yiuf.
Crazy Yiuf hits you with a +4 quarterstaff of chaos!
You feel yourself slow down.
You closely miss Crazy Yiuf. Your headbutt misses Crazy Yiuf.
Crazy Yiuf hits you with a +4 quarterstaff of chaos!
* * * LOW HITPOINT WARNING * * *
Crazy Yiuf says, "Lay!"
Crazy Yiuf hits you with a +4 quarterstaff of chaos.
You die...

### ♣♣#### #)..#♣♣
♣♣.#..##
#...g@♣♣♣♣......#
#...#♣..♣.......# ###
♣♣♣.♣..#.#.#
♣♣♣♣♣###.# #.# ###
#.# #.# #.######
#######.######.......
#.......<....+.......


You could see Crazy Yiuf.

Vanquished Creatures
  Ijyb (D:3)
  2 dart slugs (D:1)
  A ball python (D:3)
  2 bats
  4 endoplasms (D:1)
  A giant cockroach (D:2)
  2 goblins (D:1)
  3 hobgoblins
  6 kobolds
  A quokka (D:2)
  5 frilled lizards
  A rat (D:3)
29 creatures vanquished.

Notes
Turn   | Place    | Note
-------+----------+-------------------------------------------
     0 | D:1      | Gildeon the Minotaur Fighter began the quest for the Orb.
     0 | D:1      | Reached XP level 1. HP: 19/19 MP: 0/0
    67 | D:1      | Reached skill level 3 in Axes
   125 | D:1      | Reached XP level 2. HP: 24/26 MP: 1/1
   278 | D:1      | Learned a level 1 spell: Sting
   413 | D:1      | Reached skill level 4 in Axes
   643 | D:2      | You fall into a shaft and drop 1 floor!
   678 | D:3      | Reached XP level 3. HP: 31/31 MP: 2/2
   780 | D:3      | Noticed Ijyb
   795 | D:3      | Killed Ijyb
   796 | D:3      | Reached skill level 5 in Axes
  1185 | D:2      | Found a runed translucent door.
  1186 | D:2      | Noticed Crazy Yiuf
  1192 | D:2      | Slain by Crazy Yiuf

Illustrated notes

Levels and vault maps discovered:
D:1:      psy_arrival_basics, layout_rooms
D:2:      layout_basic, basic_altar, uniq_crazy_yiuf_cottage
D:3:      layout_loops_ring, uniq_ijyb

Skill      XL: |  1  2  3 |
---------------+----------+-----
Axes           | 3 4 5 |  5.1
Fighting       | |  3.6
Armour         | |  3.6
Shields        | |  3.6

Action                   || total
-------------------------++-------
Melee: War axe           ||    51
       Headbutt          ||     7
Armor: Scale mail        ||    13
       Chain mail        ||     1
Dodge: Dodged            ||    13
Block: Buckler           ||    11

Table legend: (Time is in decaauts)
 A = Elapsed time spent in this place.
 B = Non-inter-level travel time spent in this place.
 C = Inter-level travel time spent in this place.
 D = Time resting spent in this place.
 E = Time spent auto-exploring this place.
 F = Levels seen in this place.
 G = Mean time per level.
                   A        B        C        D        E       F      G
               +--------+--------+--------+--------+--------+-----+--------+
         Total |   1206 |   1199 |      7 |      0 |    943 |   3 |  402.0 |
       Dungeon |   1206 |   1199 |      7 |      0 |    943 |   3 |  402.0 |
               +--------+--------+--------+--------+--------+-----+--------+

Top non-repeatable levels by time:
     D:3: 516 daAuts
     D:1: 461 daAuts
     D:2: 228 daAuts
